 Dungeon Crawl Stone Soup version 0.27.1-3-gb3d3a73c9e (webtiles) character file.

Game seed: 4526228783800705776

37 CuBeRJAN3 the Magician (level 3, -2/20 HPs)
             Began as a Deep Elf Fire Elementalist on Oct 7, 2021.
             Shot with a stone by a goblin (5 damage)
             ... led by Robin
             ... on level 2 of the Dungeon.
             The game lasted 00:03:30 (1349 turns).

CuBeRJAN3 the Magician (Deep Elf Fire Elementalist) Turns: 1349, Time: 00:03:30

Health: -2/20      AC:  2    Str:  5    XL:     3   Next: 23%
Magic:  6/10       EV: 12    Int: 20    God:
Gold:   34         SH:  0    Dex: 15    Spells: 2/9 levels left

rFire    . . .     SeeInvis .   c - +0 dagger
rCold    . . .     Faith    .   (no shield)
rNeg     . . .     Spirit   .   a - +0 robe
rPois    .         Reflect  .   (no helmet)
rElec    .         Harm     .   (no cloak)
rCorr    .         Rampage  .   (no gloves)
Will     +....                  (no boots)
Stlth    ++........             (no amulet)
HPRegen  0.06/turn              f - ring of willpower
MPRegen  0.12/turn              (no ring)

@: no status effects
A: no striking features
a: no special abilities


You were on level 2 of the Dungeon.
You visited 1 branch of the dungeon, and saw 2 of its levels.

You collected 34 gold pieces.

Inventory:

Hand Weapons
 c - a +0 dagger (weapon)
Armour
 a - a +0 robe (worn)
Jewellery
 f - a ring of willpower (left hand)
Scrolls
 e - a scroll of identify {unknown}
 h - a scroll of enchant weapon {unknown}
 i - 2 scrolls of blinking {unknown}
 j - a scroll of enchant armour {unknown}
Potions
 b - a potion of mutation {unknown}
 d - 2 potions of curing {unknown}
 g - a potion of might {unknown}


   Skills:
 * Level 1.0 Fighting
 - Level 2.4 Dodging
 + Level 2.7 Stealth
 * Level 3.6 Spellcasting
 + Level 1.6 Conjurations
 + Level 1.0 Hexes
 + Level 3.5 Fire Magic


You had 2 spell levels left.
You knew the following spells:

 Your Spells              Type           Power      Damage    Failure   Level
a - Foxfire               Conj/Fire      56%        2x1d6     4%          1
b - Conjure Flame         Conj/Fire      14%        6-21      14%         3
c - Inner Flame           Hex/Fire       12%        N/A       16%         3

Your spell library contained the following spells:

 Spells                   Type           Power      Damage    Failure   Level
 Sticky Flame             Conj/Fire      14%        2d4       41%         4
 Fireball                 Conj/Fire      7%         3d5       77%         5


Dungeon Overview and Level Annotations

Branches:
Dungeon (2/15)

Altars:

Shops:
D:1 *

Annotations:
D:2 Robin


Message History

Your Fighting skill increases to level 1!
Casting: Foxfire (safe; 4% risk of failure)
Press: ? - help, Q - select action Dir - look around, f - activate You conjure some foxfire!
The foxfire hits Robin.
Robin is lightly wounded.
A hobgoblin comes into view. x2
The foxfire hits Robin but does no damage.
Robin is lightly wounded.
The goblin unwields a +0 club.
The goblin wields a +0 hunting sling.
The goblin shoots a stone.
The stone hits you.
The foxfire hits the hobgoblin but does no damage.
Robin points. "Kill!"
Robin roars a battlecry!
The hobgoblin shouts! x2
The foxfire hits Robin.
Robin is moderately wounded.
The foxfire hits the hobgoblin.
The hobgoblin is severely wounded.
Robin throws the goblin at you!
There is a stone staircase leading down here.
The goblin unwields a +0 hunting sling.
The goblin wields a +0 club.
The goblin hits you with a +0 club.
The goblin unwields a +0 dagger.
The goblin wields a +0 hunting sling.
The goblin shoots a stone.
The stone barely misses you. Robin throws the goblin at you!
You completely miss the goblin. The goblin barely misses you.
The goblin unwields a +0 hunting sling.
The goblin wields a +0 dagger.
The goblin barely misses you. The goblin barely misses you.
The goblin unwields a +0 dagger.
The goblin wields a +0 hunting sling.
The goblin shoots a stone.
The stone hits you but does no damage. The goblin hits you with a +0 club.
The goblin unwields a +0 club.
The goblin wields a +0 hunting sling.
The goblin shoots a stone.
The stone hits you.
* * * LOW HITPOINT WARNING * * *
The goblin shoots a stone.
The stone misses you.
The goblin shoots a stone.
The stone misses you.
The goblin shoots a stone.
The stone hits you.
You die...

###### ## #....########## .
#.#...##......#.##
##########......#.####.#..# #
................@..gg....#...
#######.#.......#...g........
#..............##.###g.#..###
#.#####.#......##.##.........
#.# #........##.##..##...#.
#.# #...............# .>...
#.#####........##.##.)# ....
#.#................#... ...
....#####......... #g.# .#.


You could see Robin, a hobgoblin (strong) and 2 goblins.

Vanquished Creatures
  A worm (D:2)
  2 dart slugs (D:1)
  2 endoplasms (D:2)
  6 goblins
  4 hobgoblins (D:1)
  4 kobolds
  A quokka (D:1)
  4 ball pythons
  2 bats (D:2)
  4 rats
30 creatures vanquished.

Vanquished Creatures (others)
  77 foxfires
77 creatures vanquished.

Grand Total: 107 creatures vanquished

Notes
Turn   | Place    | Note
-------+----------+-------------------------------------------
     0 | D:1      | CuBeRJAN3 the Deep Elf Fire Elementalist began the quest
                  | for the Orb.
     0 | D:1      | Reached XP level 1. HP: 10/10 MP: 6/6
   140 | D:1      | Found Iqem's General Store.
   197 | D:1      | Reached XP level 2. HP: 16/16 MP: 4/8
  1198 | D:2      | Reached skill level 1 in Hexes
  1200 | D:2      | Reached XP level 3. HP: 20/20 MP: 4/9
  1294 | D:2      | Learned a level 3 spell: Conjure Flame
  1298 | D:2      | Learned a level 3 spell: Inner Flame
  1336 | D:2      | Noticed Robin
  1341 | D:2      | Reached skill level 1 in Fighting
  1349 | D:2      | Shot with a stone by a goblin

Illustrated notes

Levels and vault maps discovered:
D:1:      evilmike_arrival_plus, layout_basic, serial_shops, shop_statue,
          minmay_misc_feat_rugged
D:2:      layout_loops_ring, serial_park_tiny_pond,
          chequers_serial_rivers_marsh, uniq_robin

Skill      XL: |  1  2  3 |
---------------+----------+-----
Hexes          | 1 |  1.0
Fighting       | 1 |  1.0
Dodging        | |  2.4
Stealth        | |  2.7
Spellcasting   | |  3.6
Conjurations   | |  1.6
Fire Magic     | |  3.5

Action                   || total
-------------------------++-------
Melee: Dagger            ||     4
 Cast: Foxfire           ||    48
Armor: Robe              ||     3
Dodge: Dodged            ||    11
